 Dungeon Crawl Stone Soup version 0.26.0-10-g1f06aea511 (webtiles) character file.

Game seed: 2599430595230061204

1893 Borgoz the Slasher (level 9, -1/75 HPs)
             Began as a Ghoul Gladiator on Jan 18, 2021.
             Slain by an orc warrior
             ... wielding a +0 scimitar
              (16 damage)
             ... on level 6 of the Dungeon.
             The game lasted 00:06:22 (7496 turns).

Borgoz the Slasher (Ghoul Gladiator)                Turns: 7496, Time: 00:06:22

Health: -1/75      AC:  4    Str: 18    XL:     9   Next: 15%
Magic:  8/8        EV: 14    Int:  3    God:
Gold:   230        SH:  0    Dex: 13    Spells: 8/8 levels left

rFire    . . .     SeeInvis .   a - +0 long sword
rCold    + . .     Faith    .   (no shield)
rNeg     + + +     Spirit   .   b - +0 leather armour
rPois    ∞         Reflect  .   c - +0 helmet
rElec    .         Harm     .   (no cloak)
rCorr    +         Rampage  .   (no gloves)
Will     .....                  (no boots)
Stlth    +.........             (no amulet)
HPRegen  0.00/turn              g - ring of resist corrosion
MPRegen  0.11/turn              (no ring)

@: mighty, hasted, very quick
A: claws 1, cold resistance 1, negative energy resistance 3, inhibited
regeneration, torment resistance, unbreathing
a: no special abilities


You were on level 6 of the Dungeon.
You visited 1 branch of the dungeon, and saw 6 of its levels.

You collected 326 gold pieces.
You spent 96 gold pieces at shops.

Inventory:

Hand Weapons
 a - a +0 long sword (weapon)
Missiles
 d - a throwing net (quivered)
Armour
 b - a +0 leather armour (worn)
 c - a +0 helmet (worn)
Jewellery
 g - a ring of resist corrosion (left claw)
 t - an uncursed ring of magical power {unknown}
Wands
 m - a wand of flame (17)
 s - a wand of iceblast (4)
Scrolls
 i - 3 scrolls of remove curse
 o - a scroll of fear
 p - a scroll of magic mapping {unknown}
 q - a scroll of enchant weapon {unknown}
 r - a scroll of identify
 u - a scroll of amnesia {unknown}
Potions
 f - a potion of magic
 k - 2 potions of brilliance {unknown}
 l - 3 potions of mutation {unknown}
 n - a potion of flight {unknown}
 v - a potion of attraction {unknown}


   Skills:
 + Level 6.0 Fighting
 * Level 7.2 Long Blades
 - Level 1.7 Throwing
 + Level 4.5 Armour
 + Level 5.4 Dodging


You had 8 spell levels left.
You didn't know any spells.
Your spell library was empty.

Dungeon Overview and Level Annotations

Branches:
Dungeon (6/15)
 Temple: D:4-7

Altars:
Elyvilon
Gozag
Makhleb
Nemelex Xobeh
Ru
Trog
Uskayaw
Vehumet
Wu Jian
Yredelemnul
The Shining One

Shops:
D:6 !


Innate Abilities, Weirdness & Mutations

You thrive by killing the living.
You are immune to poison.
You have sharp fingernails.
Your flesh is cold resistant. (rC+)
You are immune to negative energy. (rN+++)
You do not regenerate when monsters are visible.
You are immune to unholy pain and torment.
You can survive without breathing.


Message History

You slash the ice beast!
The ice beast is moderately wounded.
The ice beast hits you. The ice beast freezes you. You resist.
The orc priest closely misses you.
You slash the ice beast!
The ice beast is almost dead.
The ice beast hits you. The ice beast freezes you. You resist.
* * * LOW HITPOINT WARNING * * *
The orc priest hits you from afar with a +0 trident.
* * * LOW HITPOINT WARNING * * *
You barely miss the ice beast.
The ice beast is almost dead.
The ice beast closely misses you.
You riposte.
You hit the ice beast.
You kill the ice beast!
You feel better.
The orc priest looks encouraged for a moment.
Your Fighting skill increases to level 6!
You feel yourself speed up.
The orc warrior hits you with a +0 scimitar!
You die...

#..####.####....## ##
#............#### ##
#....######## ##.
#.#### ##.. #.# ##...
#.# ##.... #.#
###.....
#.########.####.......
#....@ow....##^.......
#######o..............
........##......
..o.....###......
.......<..##......
...........#.....#.
#...........#....###
#....(......#....#
#...##


You could see an orc warrior, a worm and an orc priest.

Vanquished Creatures
  Grinder (D:6)
  3 ice beasts
  An orc warrior (D:6)
  2 phantoms (D:6)
  2 ogres
  2 bullfrogs (D:6)
  A scorpion (D:4)
  A howler monkey (D:5)
  3 hounds (D:5)
  A bullfrog skeleton (D:4)
  5 orc priests
  An orc wizard (D:6)
  8 worker ants
  An iguana (D:6)
  A killer bee zombie (D:6)
  A hound skeleton (D:4)
  A mummy (D:4)
  A howler monkey skeleton (D:5)
  8 adders
  A shadow imp (D:6)
  A white imp (D:3)
  2 oozes
  An adder skeleton (D:6)
  A worm (D:2)
  3 dart slugs
  3 leopard geckos
  26 orcs
  A ball python (D:2)
  9 bats
  4 giant cockroaches
  2 gnoll zombies (D:3)
  4 goblins
  3 hobgoblins (D:2)
  2 jackals (D:3)
  6 quokkas
  5 frilled lizards
  3 kobolds
  3 kobold zombies (D:4)
  An orc zombie (D:4)
  A quokka skeleton (D:4)
  A quokka zombie (D:6)
  5 rats
132 creatures vanquished.

Notes
Turn   | Place    | Note
-------+----------+-------------------------------------------
     0 | D:1      | Borgoz the Ghoul Gladiator began the quest for the Orb.
     0 | D:1      | Reached XP level 1. HP: 17/17 MP: 0/0
   498 | D:1      | Reached XP level 2. HP: 25/25 MP: 1/1
   556 | D:1      | Reached skill level 3 in Long Blades
   941 | D:2      | Found a sacrificial altar of Ru.
  1154 | D:2      | Reached XP level 3. HP: 30/30 MP: 2/2
  1173 | D:2      | Reached skill level 1 in Armour
  1537 | D:2      | Found a radiant altar of Vehumet.
  1643 | D:2      | Found a faded altar of an unknown god.
  1643 | D:2      | Found a glowing golden altar of the Shining One.
  1648 | D:2      | Found a faded altar of an unknown god.
  1650 | D:2      | Found an opulent altar of Gozag.
  1651 | D:2      | Found a hide-covered altar of Uskayaw.
  1715 | D:2      | Reached XP level 4. HP: 34/37 MP: 3/3
  2307 | D:3      | Reached XP level 5. HP: 41/45 MP: 4/4
  2541 | D:3      | Reached skill level 4 in Long Blades
  2948 | D:3      | Found a basalt altar of Yredelemnul.
  3132 | D:4      | Found a burning altar of Makhleb.
  3256 | D:4      | Noticed an ogre
  3263 | D:4      | Killed an ogre
  3264 | D:4      | Reached XP level 6. HP: 36/52 MP: 5/5
  3698 | D:5      | Entered Level 5 of the Dungeon
  3753 | D:5      | Noticed an ice beast
  3761 | D:5      | Killed an ice beast
  3762 | D:5      | Reached XP level 7. HP: 35/59 MP: 6/6
  3870 | D:5      | Reached skill level 5 in Long Blades
  4827 | D:4      | Reached XP level 8. HP: 38/67 MP: 7/7
  5463 | D:5      | Found a bloodstained altar of Trog.
  5547 | D:5      | Found an ornate altar of the Wu Jian Council.
  5719 | D:5      | Found a white marble altar of Elyvilon.
  5754 | D:5      | Found a sparkling altar of Nemelex Xobeh.
  5820 | D:6      | Found Cyteaf's Distillery.
  5828 | D:6      | Bought 2 potions of might for 96 gold pieces
  5850 | D:6      | Reached skill level 5 in Fighting
  5850 | D:6      | Reached skill level 6 in Long Blades
  6353 | D:6      | Noticed Grinder
  6360 | D:6      | Paralysed by Grinder for 4 turns
  6372 | D:6      | Killed Grinder
  6373 | D:6      | Reached skill level 5 in Dodging
  7092 | D:6      | Reached XP level 9. HP: 72/75 MP: 8/8
  7117 | D:6      | Reached skill level 7 in Long Blades
  7450 | D:6      | Found a bloodstained altar of Trog.
  7496 | D:6      | Slain by an orc warrior

Illustrated notes

Levels and vault maps discovered:
D:1:      psy_arrival_dodecagon, layout_basic
D:2:      minmay_door_path, layout_basic, chequers_temple_overflow_minitemple,
          overflow_temple_1_default, nicolae_ru_sacrificial_ziggurat
D:3:      layout_loops_ring, lemuel_zombie_altar_yredelemnul, minmay_circle_x
D:4:      layout_basic, bloody_makhleb, minmay_mini_ossuary
D:5:      layout_cave_pools, lemuel_crystal_altar, nzn_wu_jian_council_hall,
          basic_altar, serial_column_ruins, column_ruins_square_large,
          column_ruins_hut, column_ruins_open_small, column_ruins_open_small,
          column_ruins_open_small, column_ruins_grid_4, eino_curves_02,
          nemelex_diamond_rough_becter
D:6:      layout_cave_pods, old_standard_altar, serial_shops, shop, uniq_grinder

Skill      XL: |  1  2  3  4  5  6  7  8  9 |
---------------+----------------------------+-----
Long Blades    | 3 4 5 6 7 |  7.2
Armour         | 1 2 3 4 |  4.5
Dodging        | 3 4 5 |  5.4
Fighting       | 3 4 5 6 |  6.0
Throwing       | |  1.7

Action                   |  1- 3 |  4- 6 |  7- 9 || total
-------------------------+-------+-------+-------++-------
Melee: Long sword        |    91 |   170 |   268 ||   529
Throw: Throwing net      |       |     1 |     2 ||     3
  Use: Scroll            |     1 |     6 |     2 ||     9
       Potion            |       |     2 |     9 ||    11
 Stab: Held in net/web   |       |     1 |     1 ||     2
Armor: Leather armour    |    34 |    43 |    54 ||   131
Dodge: Dodged            |    81 |   145 |   221 ||   447
       Rpst.: Long sword |    26 |    56 |    71 ||   153
